 Dungeon Crawl Stone Soup version 0.29.0-11-gd7f09526c8 (webtiles) character file.

Game seed: 11509231042834176264

212 Demosthentine the Poker (level 5, -2/41 HPs)
             Began as a Demonspawn Gladiator on Sept 5, 2022.
             Succumbed to a gnoll's poison
             ... on level 3 of the Dungeon.
             The game lasted 00:02:00 (1935 turns).

Demosthentine the Poker (Demonspawn Gladiator)      Turns: 1935, Time: 00:02:01

Health: -2/41      AC:  3    Str: 16    XL:     5   Next: 58%
Magic:  5/5        EV: 13    Int:  9    God:
Gold:   148        SH:  0    Dex: 15    Spells: 4/4 levels left

rFire   . . .      SeeInvis .   a - +1 trident
rCold   . . .      Faith    .   (no shield)
rNeg    . . .      Spirit   .   b - +0 leather armour
rPois   .          Reflect  .   (helmet restricted)
rElec   .          Harm     .   (no cloak)
rCorr   .          Rampage  .   (no gloves)
Will    .....                   (no boots)
Stlth   +.........              (no amulet)
HPRegen 0.13/turn               (no ring)
MPRegen 0.09/turn               (no ring)

@: lethally poisoned (-2 -> -17), attractive
A: horns 1, powered by death 1, weakness stinger 1
a: no special abilities


You were on level 3 of the Dungeon.
You visited 1 branch of the dungeon, and saw 3 of its levels.

You collected 148 gold pieces.

Inventory:

Hand Weapons
 a - a +1 trident (weapon)
Missiles
 d - 2 throwing nets (quivered)
 e - a javelin
Armour
 b - a +0 leather armour (worn)
 c - a +0 helmet
Jewellery
 i - a ring of wizardry
Scrolls
 m - a scroll of summoning {unknown}
 n - a scroll of magic mapping
 o - 3 scrolls of teleportation {unknown}
Potions
 f - a potion of magic
 g - a potion of curing {unknown}
 h - a potion of haste {unknown}
 j - a potion of berserk rage {unknown}
 k - a potion of cancellation {unknown}


   Skills:
 + Level 3.3 Fighting
 + Level 3.7 Polearms
 - Level 1.7 Throwing
 + Level 2.2 Armour
 + Level 3.7 Dodging


You had 4 spell levels left.
You didn't know any spells.
Your spell library was empty.

Dungeon Overview and Level Annotations

Branches:
Dungeon (3/15)

Altars:


Innate Abilities, Weirdness & Mutations

You have a pair of small horns on your head.
You regenerate a little health from kills.
You have a small tail.


Message History

A gnoll is wielding a +1 spear of venom.
The gnoll shouts! x3; The ball python hisses angrily.
You closely miss the ball python. The ball python completely misses you.
The ball python grabs you. The ball python constricts you.
The ball python bites you. The ball python constricts you.
There are monsters nearby!
You hit the ball python.
You kill the ball python!
The gnoll throws a throwing net.
The throwing net closely misses you.
You reach to attack!
You hit the gnoll.
The gnoll is lightly wounded.
There are monsters nearby!
There are monsters nearby!
You hit the gnoll but do no damage.
The gnoll is lightly wounded.
The gnoll closely misses you.
You hit the gnoll but do no damage.
The gnoll is lightly wounded.
The gnoll hits you from afar with a +1 spear of venom.
You are poisoned.
You puncture the gnoll!
The gnoll is almost dead.
You feel very sick.
The gnoll hits you from afar with a +1 spear of venom!
You are more poisoned.
The gnoll hits you with a +0 whip.
Unknown command.
You feel very sick. The gnoll hits you with a +0 whip.
You feel very sick.
It was a potion of attraction.
You feel attractive to monsters.
You feel sick.
The gnoll hits you from afar with a +1 spear of venom.
* * * LOW HITPOINT WARNING * * *
You are lethally poisoned!
The gnoll closely misses you. The gnoll attacks as you move away!
The gnoll hits you with a +0 whip.
* * * LOW HITPOINT WARNING * * *
You die...

... #.# #.# #g# ##g##
##.g.## .....### ##..g..##
......# ##.......##
#..#.....###....@....####...
...........'.........'......
#..#.....###....(....####...
#..#.#...# ##.......##
#..#.##..# ##.....##
#..#.##..# ##...##
#..#.##..# ##'##
#........#######.#
####.##..........#


You could see 4 gnolls.

Vanquished Creatures
  Sigmund (D:2)
  An adder (D:3)
  A dart slug (D:3)
  4 bats
  2 endoplasms
  11 giant cockroaches
  6 hobgoblins
  2 quokkas
  7 ball pythons
  2 goblins (D:2)
  4 kobolds
  5 rats
46 creatures vanquished.

Notes
Turn   | Place    | Note
-------+----------+-------------------------------------------
     0 | D:1      | Demosthentine the Demonspawn Gladiator began the quest for
                  | the Orb.
     0 | D:1      | Reached XP level 1. HP: 16/16 MP: 1/1
   263 | D:1      | Found a faded altar of an unknown god.
   277 | D:1      | Gained mutation: You regenerate a little health from kills.
                  | [demonic ancestry]
   277 | D:1      | Reached XP level 2. HP: 22/22 MP: 2/2
   736 | D:2      | Noticed Sigmund
  1348 | D:2      | Reached skill level 1 in Armour
  1454 | D:2      | Discovered your monstrous ancestry.
  1454 | D:2      | Gained mutation: You have a pair of small horns on your
                  | head. [demonic ancestry]
  1454 | D:2      | Reached XP level 3. HP: 28/28 MP: 3/3
  1522 | D:2      | Killed Sigmund
  1523 | D:2      | Reached XP level 4. HP: 24/35 MP: 4/4
  1523 | D:2      | Gained mutation: You have a small tail. [demonic ancestry]
  1523 | D:2      | Reached XP level 5. HP: 28/41 MP: 5/5
  1935 | D:3      | HP: 1/41 [gnoll/+0 whip (6)]
  1935 | D:3      | Succumbed to a gnoll's poison

Illustrated notes

Levels and vault maps discovered:
D:1:      minmay_arrival_four_circles, layout_rooms,
          hellmonk_ecumenical_altar_blasted
D:2:      layout_rooms, uniq_sigmund
D:3:      minmay_roachtagon, layout_loops_corners, grunt_ashenzari_visionary
          [grunt_ashenzari_visionary_swamp, grunt_ashenzari_visionary_snake],
          serial_shops, nicolae_diamond_shop, minmay_crystal_water,
          grunt_ministairs_8

Skill      XL: |  1  2  3 |
---------------+----------+-----
Polearms       | 3 |  3.7
Dodging        | 3 |  3.7
Armour         | 1 2 |  2.2
Fighting       | 3 |  3.3
Throwing       | |  1.7

Action                   |  1- 3 |  4- 6 || total
-------------------------+-------+-------++-------
Melee: Trident           |    73 |    47 ||   120
       Punch             |     1 |       ||     1
       Headbutt          |       |     4 ||     4
       Tailslap          |       |     4 ||     4
Throw: Throwing net      |     2 |       ||     2
  Use: Scroll            |     3 |     1 ||     4
       Potion            |       |     1 ||     1
Armor: Leather armour    |    27 |     7 ||    34
Dodge: Dodged            |    55 |    27 ||    82
